[Event "African Online-ch Women 2021"]
[Site "Online"]
[Date "2021.02.01"]
[Round "2.12"]
[White "Ndirangu, Joyce Nyaruai"]
[Black "Jambo, Linda"]
[Result "1-0"]
[ECO "D02"]
[WhiteElo "1659"]
[BlackElo "1478"]
[Annotator "NA RC"]
[PlyCount "115"]
[EventDate "2021.02.01"]
[EventType "swiss"]
[EventCountry "NET"]
[SourceTitle "playchess.com"]
[Source "ChessBase"]
[SourceQuality "1"]
[TimeControl "1500+10"]

1. d4 Nf6 2. Nf3 d5 3. Bf4 Bg4 4. e3 e6 5. Nbd2 Bd6 6. Bg5 h6 7. Bh4 g5 8. Bg3 Bxg3 9. hxg3 a6 10. Be2 Bxf3 11. Nxf3 Ne4 12. c3 Qf6 13. Bd3 Nc6 14. Qc2 Nd6 15. g4 O-O-O 16. O-O-O Na5 17. Rh5 Nac4 18. b3 Na3 19. Qb2 Nab5 20. c4 dxc4 21. bxc4 Na7 22. c5 Ne8 23. Be4 c6 24. Qb6 Nb5 25. Rd2 Qe7 26. a4 Nc3 27. Bxc6 bxc6 28. Qxc6+ Qc7 29. Qxa6+ Qb7 30. Qxb7+ Kxb7 31. Rb2+ Ka7 32. Ne5 Rc8 33. Nxf7 Rh7 34. Nxg5 Rb7 35. Rxb7+ Kxb7 36. Rxh6 Nxa4 37. Nxe6 Ra8 38. Kc2 Nc7 39. Rh7 Rc8 40. d5 Nxc5 41. Nxc5+ Kb6 42. Nd7+ Kb5 43. d6 Nd5+ 44. Kd3 Nb4+ 45. Ke4 Rc4+ 46. Kf5 Rc6 47. Ke6 Nd3 48. f4 Nc5+ 49. Nxc5 Rxc5 50. d7 Rc6+ 51. Kf5 Rc5+ 52. Ke4 Rc7 53. Rh5+ Kc6 54. d8=Q Kb6 55. Rh7 Kc6 56. Rxc7+ Kb5 57. Qb8+ Ka5 58. Ra7# 1-0

[Event "African Online-ch Women 2021"]
[Site "Online"]
[Date "2021.02.01"]
[Round "2.13"]
[White "Malehloa, Likhomo"]
[Black "Sitoe, Cheila Andre"]
[Result "1-0"]
[ECO "D00"]
[WhiteElo "1331"]
[BlackElo "1588"]
[Annotator "NA RC"]
[PlyCount "95"]
[EventDate "2021.02.01"]
[EventType "swiss"]
[EventCountry "NET"]
[SourceTitle "playchess.com"]
[Source "ChessBase"]
[SourceQuality "1"]
[TimeControl "1500+10"]

1. d4 Nf6 2. Nc3 d5 3. Bf4 Bf5 4. Nb5 Na6 5. e3 c6 6. Nc3 e6 7. Nf3 Bd6 8. Ne5 O-O 9. Bd3 Bg6 10. Bxg6 fxg6 11. h3 Qc7 12. O-O Nh5 13. Bh2 Nb8 14. Qg4 Re8 15. Na4 b6 16. Nf3 Bxh2+ 17. Nxh2 e5 18. dxe5 Qxe5 19. Nc3 Nf6 20. Qd4 Qf5 21. Qd3 Qe6 22. Rad1 Nbd7 23. Nf3 Nc5 24. Qd2 Re7 25. Nd4 Qd7 26. Nce2 Rf8 27. Qb4 Ref7 28. c4 Nfe4 29. f3 Ng5 30. Nf4 Nb7 31. Qc3 Re8 32. cxd5 cxd5 33. Rde1 Nc5 34. b4 Nce6 35. Nfxe6 Nxe6 36. Nxe6 Qxe6 37. Qd4 Rfe7 38. Kf2 Qc6 39. Re2 Qb5 40. Rd1 Re5 41. a3 g5 42. Rd3 h6 43. g3 Kh8 44. f4 gxf4 45. gxf4 Rh5 46. e4 dxe4 47. Rxe4 Re7 48. Rxe7 1-0

[Event "African Online-ch Women 2021"]
[Site "Online"]
[Date "2021.02.01"]
[Round "2.14"]
[White "Ben Said, Safa"]
[Black "Namangale, Susan"]
[Result "1-0"]
[ECO "B00"]
[WhiteElo "1577"]
[BlackElo "1344"]
[Annotator "NA RC"]
[PlyCount "77"]
[EventDate "2021.02.01"]
[EventType "swiss"]
[EventCountry "NET"]
[SourceTitle "playchess.com"]
[Source "ChessBase"]
[SourceQuality "1"]
[TimeControl "1500+10"]

1. e4 Nc6 2. d4 d6 3. Nf3 g6 4. Bb5 Bd7 5. Be3 a6 6. Ba4 Bg7 7. c3 b5 8. Bb3 Nf6 9. Nbd2 O-O 10. O-O Kh8 11. Ng5 e6 12. f4 Na5 13. Bc2 Nc4 14. Nxc4 bxc4 15. f5 h6 16. fxe6 fxe6 17. Nf3 Bc6 18. Nd2 Qe8 19. Qe2 d5 20. e5 Ne4 21. Nxe4 dxe4 22. Qg4 Kh7 23. Bxe4 Bxe4 24. Qxe4 Rb8 25. Qc2 Qe7 26. b3 cxb3 27. axb3 Rb6 28. d5 Rb5 29. c4 Rb4 30. Rxa6 Rxf1+ 31. Kxf1 Qf7+ 32. Kg1 exd5 33. cxd5 Bxe5 34. Re6 Rb5 35. Rxe5 Rb7 36. Bc5 Kg8 37. Re6 Rb8 38. Rxg6+ Kh8 39. Bd4+ 1-0

[Event "African Online-ch Women 2021"]
[Site "Online"]
[Date "2021.02.01"]
[Round "2.15"]
[White "Karania, Saloni"]
[Black "Shah, Riya"]
[Result "0-1"]
[ECO "A35"]
[WhiteElo "1304"]
[BlackElo "1559"]
[Annotator "NA RC"]
[PlyCount "136"]
[EventDate "2021.02.01"]
[EventType "swiss"]
[EventCountry "NET"]
[SourceTitle "playchess.com"]
[Source "ChessBase"]
[SourceQuality "1"]
[TimeControl "1500+10"]

1. d4 g6 2. c4 Bg7 3. Nf3 c5 4. e3 Nc6 5. Nc3 Qb6 6. Nd5 Qd8 7. Rb1 e6 8. Nc3 cxd4 9. exd4 Nf6 10. b3 Qa5 11. Bd2 Qd8 12. a3 d5 13. c5 Ne4 14. Nxe4 dxe4 15. Ng5 Qxd4 16. b4 b6 17. Bb5 Bd7 18. O-O O-O 19. Qe2 a6 20. Bxc6 Bxc6 21. Be3 Qd3 22. Qa2 Bd5 23. Qd2 Bc4 24. Qc1 b5 25. Rd1 Qc3 26. Nxe4 Qxc1 27. Rbxc1 Rad8 28. Nd2 Bb2 29. Rb1 Bxa3 30. Nxc4 bxc4 31. Bg5 Rxd1+ 32. Rxd1 Bxb4 33. Be7 Rc8 34. g3 Bxc5 35. Bf6 Bf8 36. Ra1 Bg7 37. Bxg7 Kxg7 38. Rxa6 Kf6 39. Ra1 Ke5 40. Rc1 f5 41. Kf1 Kd4 42. Ke2 e5 43. Kd2 Rd8 44. Ke2 Kc5 45. f3 Rd3 46. h4 Kd4 47. f4 exf4 48. gxf4 Rh3 49. Rd1+ Kc5 50. Rc1 Rxh4 51. Ke3 Rh3+ 52. Kd2 Rf3 53. Kc2 Rxf4 54. Re1 g5 55. Re5+ Kd4 56. Re7 g4 57. Rxh7 g3 58. Rd7+ Ke3 59. Re7+ Kf3 60. Rg7 g2 61. Kc3 Rg4 62. Rxg4 fxg4 63. Kxc4 g1=Q 64. Kd5 Qe1 65. Kc5 Qd2 66. Kc4 Ke4 67. Kb5 Qc3 68. Kb6 Kd5 0-1

[Event "African Online-ch Women 2021"]
[Site "Online"]
[Date "2021.02.01"]
[Round "3.4"]
[White "McPherson, Naleli"]
[Black "Caxita, Esperanca"]
[Result "0-1"]
[ECO "B01"]
[WhiteElo "1303"]
[BlackElo "1882"]
[Annotator "NA RC"]
[PlyCount "124"]
[EventDate "2021.02.01"]
[EventType "swiss"]
[EventCountry "NET"]
[SourceTitle "playchess.com"]
[Source "ChessBase"]
[SourceQuality "1"]
[TimeControl "1500+10"]

1. e4 d5 2. exd5 Qxd5 3. d4 Nf6 4. Nf3 Bg4 5. Be2 e6 6. c4 Qd8 7. O-O c6 8. Nc3 Bd6 9. Bg5 Nbd7 10. d5 Qc7 11. h3 Bxf3 12. Bxf3 O-O 13. Rc1 Rfe8 14. Qd2 h6 15. Be3 Ne5 16. Be2 Rad8 17. c5 Bf8 18. d6 Qb8 19. Na4 Ned7 20. b4 Nd5 21. Bf3 N7f6 22. a3 Nxe3 23. fxe3 Qc8 24. Rfe1 e5 25. e4 Qe6 26. Nc3 Nh7 27. Bg4 Qg6 28. Bf5 Qg3 29. Re3 Qg5 30. Qe2 g6 31. Qe1 Bg7 32. Rg3 Qh4 33. Bc8 b6 $2 (33... Rxc8 $14 34. d7 {[%mdl 64] Double Attack} Nf8 35. dxc8=N (35. dxe8=B Rxe8 36. Rd3 Qg5 $16) 35... Rxc8 36. Rd3 Qe7 $16) 34. d7 Re6 35. cxb6 axb6 36. Na4 b5 37. Nc5 Rd6 38. Nb7 R6xd7 (38... R8xd7 $16 39. Nxd6 (39. Bxd7 Rxd7 40. Na5 Ng5 $16) 39... Rxd6) 39. Nxd8 Rxd8 40. Bb7 Nf6 41. Bxc6 Rc8 42. Rgc3 Qf4 43. Rf3 Qg5 44. Rcc3 Nh5 45. Bxb5 Rd8 46. Bf1 Nf6 47. Qc1 Nxe4 48. Qxg5 hxg5 49. Rc1 f5 50. b5 Bf8 51. Rb3 Bc5+ 52. Kh2 Rc8 53. Bc4+ Kg7 54. b6 Nd2 55. b7 Rb8 56. Rb5 Bd6 57. Rc2 e4+ 58. Kg1 e3 59. a4 Bg3 60. Be2 Ne4 61. Rc8 Bf2+ 62. Kf1 (62. Kh2 $18) 62... Nd2# 0-1

[Event "African Online-ch Women 2021"]
[Site "Online"]
[Date "2021.02.01"]
[Round "3.5"]
[White "Botlhole, Kgalalelo"]
[Black "Latreche, Khadidja"]
[Result "0-1"]
[ECO "A37"]
[WhiteElo "1705"]
[BlackElo "1900"]
[Annotator "RC"]
[PlyCount "100"]
[EventDate "2021.02.01"]
[EventType "swiss"]
[EventCountry "NET"]
[SourceTitle "playchess.com"]
[Source "ChessBase"]
[SourceQuality "1"]
[TimeControl "1500+10"]

1. c4 c5 2. g3 Nc6 3. Bg2 g6 4. Nf3 Bg7 5. O-O e6 6. e3 Nge7 7. d4 cxd4 8. exd4 d5 9. cxd5 exd5 10. Nc3 O-O 11. Bg5 Be6 12. Be3 Qb6 13. Qb3 Qxb3 14. axb3 Bg4 15. h3 Bf5 16. Nh4 Bd3 17. Rfe1 Rfd8 18. Ra3 Bf8 19. Raa1 Nb4 20. Ra4 Nec6 21. Bg5 Rd7 22. Re3 h6 23. Bf6 Bc2 24. Ne2 Nd3 25. Rxd3 Bxd3 26. Nc3 b5 27. Ra1 Nb4 28. Ra5 a6 29. Nf3 Bd6 30. Ne5 Bxe5 31. Bxe5 Re8 32. Ra3 Re6 33. Na2 Nc2 34. Ra5 f6 35. Bf4 Nxd4 36. Nb4 Be4 37. Bxe4 dxe4 38. Rxa6 Rxa6 39. Nxa6 Ne2+ 40. Kg2 Nxf4+ 41. gxf4 Rd2 42. Kf1 Rxb2 43. Nc5 f5 44. h4 Kf7 45. Ke1 Ke7 46. Kf1 Kd6 47. Nb7+ Kd5 48. Na5 Kd4 49. b4 Kc3 50. Nc6 Rxb4 0-1

[Event "African Online-ch Women 2021"]
[Site "Online"]
[Date "2021.02.01"]
[Round "3.6"]
[White "Rodriguez Guevara, Celia M."]
[Black "Joao, Delfina"]
[Result "1-0"]
[ECO "C00"]
[WhiteElo "1849"]
[BlackElo "1727"]
[Annotator "NA RC"]
[PlyCount "135"]
[EventDate "2021.02.01"]
[EventType "swiss"]
[EventCountry "NET"]
[SourceTitle "playchess.com"]
[Source "ChessBase"]
[SourceQuality "1"]
[TimeControl "1500+10"]

1. e4 e6 2. d3 d5 3. Nd2 Nf6 4. Ngf3 c5 5. g3 Nc6 6. Bg2 Be7 7. O-O O-O 8. Re1 Qc7 9. c3 dxe4 10. Nxe4 Nxe4 11. dxe4 e5 12. Qc2 Be6 13. Be3 Rad8 14. Rad1 b6 15. b3 Na5 16. Rd2 Rxd2 17. Bxd2 Rd8 18. Ng5 Bxg5 19. Bxg5 f6 20. Be3 Qd6 21. Bf3 Qd3 22. Qc1 Qb5 23. Rd1 Rd7 24. Rxd7 Qxd7 25. Qd1 Kf7 26. Qxd7+ Bxd7 27. Be2 Ke6 28. f4 Bc6 29. Bd3 Nb7 30. Kf2 Nd6 31. fxe5 fxe5 32. Kf3 Kf6 33. h4 h6 34. Bf2 g6 35. Ke3 Bd7 36. Be2 Bc6 37. Bd3 Bb7 38. g4 Bc8 39. Kf3 Bd7 40. a4 Be6 41. Bc2 Bd7 42. a5 Bc6 43. b4 Nb7 44. a6 Nd6 45. bxc5 Nc4 46. cxb6 axb6 47. a7 b5 48. Bd3 Nd6 49. Bc5 Nc4 50. Ke2 g5 51. hxg5+ Kxg5 52. Kf3 h5 53. gxh5 Kxh5 54. Bxc4 bxc4 55. Bd6 Kg5 56. Bxe5 Bb7 57. Ke3 Bc6 58. Kd4 Bb7 59. Bh2 Kf6 60. e5+ Ke6 61. Kxc4 Bd5+ 62. Kc5 Ba8 63. c4 Kd7 64. Kb6 Kc8 65. c5 Kd8 66. c6 Kc8 67. e6 Bxc6 68. Kxc6 1-0

[Event "African Online-ch Women 2021"]
[Site "Online"]
[Date "2021.02.01"]
[Round "3.7"]
[White "Francis, Onkemetse"]
[Black "Malehloa, Likhomo"]
[Result "1-0"]
[ECO "C02"]
[WhiteElo "1798"]
[BlackElo "1331"]
[Annotator "NA RC"]
[PlyCount "105"]
[EventDate "2021.02.01"]
[EventType "swiss"]
[EventCountry "NET"]
[SourceTitle "playchess.com"]
[Source "ChessBase"]
[SourceQuality "1"]
[TimeControl "1500+10"]

1. e4 e6 2. d4 d5 3. e5 c5 4. c3 Nc6 5. Nf3 Qb6 6. Bd3 Bd7 7. dxc5 Bxc5 8. O-O Qc7 9. Qe2 Nge7 10. b4 Bb6 11. a4 a5 12. b5 Nd8 13. Bb2 Ng6 14. g3 O-O 15. Na3 Qb8 16. c4 dxc4 17. Nxc4 Bc5 18. h4 h6 19. Qe4 h5 20. Qe2 f5 21. Ng5 Nf7 22. Qxh5 Nxg5 23. hxg5 Ne7 24. g6 Nxg6 25. Qxg6 b6 26. Nd6 Bxd6 27. exd6 Rf7 28. Be5 Qb7 29. Rfe1 Qd5 30. Bf1 Qb3 31. Re3 Qb4 32. Ree1 Rc8 33. Bg2 Rc2 34. Bc6 Qd2 35. Rf1 Bxc6 36. bxc6 Rxc6 37. Qxe6 Kf8 38. Rfd1 Qg5 39. Bf4 Qd8 40. Rac1 Rxc1 41. Rxc1 Rd7 42. Qxf5+ Kg8 43. Qe6+ Kf8 44. Qb3 Rb7 45. Qb5 Kg8 46. Qc6 Rf7 47. Qc8 Rd7 48. Qxd8+ Rxd8 49. Rc6 b5 50. axb5 Ra8 51. d7 a4 52. Rc8+ Rxc8 53. dxc8=Q+ 1-0

[Event "African Online-ch Women 2021"]
[Site "Online"]
[Date "2021.02.01"]
[Round "3.8"]
[White "Wanjiru, Lucy"]
[Black "Ibtihal Mohammed"]
[Result "1-0"]
[ECO "B32"]
[WhiteElo "1623"]
[BlackElo "1491"]
[Annotator "NA RC"]
[PlyCount "73"]
[EventDate "2021.02.01"]
[EventType "swiss"]
[EventCountry "NET"]
[SourceTitle "playchess.com"]
[Source "ChessBase"]
[SourceQuality "1"]
[TimeControl "1500+10"]

1. e4 c5 2. Nc3 Nc6 3. Nf3 e6 4. d4 a6 5. d5 exd5 6. exd5 Nce7 7. d6 Ng6 8. Qe2+ Be7 9. dxe7 N8xe7 10. Qd1 O-O 11. Be2 d5 12. O-O d4 13. Ne4 b6 14. Bg5 Bb7 15. Ng3 f6 16. Bd2 Nd5 17. Bc4 Kh8 18. Bxd5 Qxd5 19. b3 b5 20. c4 bxc4 21. bxc4 Qxc4 22. Rc1 Qd5 23. Qc2 Rac8 24. Qf5 Ne5 25. Rb1 g6 26. Qh3 Nxf3+ 27. gxf3 Qxf3 28. Rb3 d3 29. Rfb1 Bd5 30. Rb6 Rc6 31. Rb7 h5 32. Re7 Rd6 33. Re3 Qf4 34. Rxd3 Qa4 35. Re1 Kg7 36. Nxh5+ gxh5 37. Rg3+ 1-0

[Event "African Online-ch Women 2021"]
[Site "Online"]
[Date "2021.02.01"]
[Round "3.9"]
[White "Shah, Riya"]
[Black "Ndirangu, Joyce Nyaruai"]
[Result "1-0"]
[ECO "A45"]
[WhiteElo "1559"]
[BlackElo "1659"]
[Annotator "NA RC"]
[PlyCount "137"]
[EventDate "2021.02.01"]
[EventType "swiss"]
[EventCountry "NET"]
[SourceTitle "playchess.com"]
[Source "ChessBase"]
[SourceQuality "1"]
[TimeControl "1500+10"]

1. d4 Nf6 2. e3 e6 3. Bd3 b6 4. f4 Bb7 5. Nf3 Be7 6. O-O c5 7. c3 Nc6 8. Ne5 d6 9. Ng4 Qc7 10. Na3 h5 11. Nxf6+ gxf6 12. f5 O-O-O 13. Qe2 Rdg8 14. Ba6 Nb8 15. Bxb7+ Qxb7 16. Qf3 Qd7 17. e4 Nc6 18. Be3 Rh7 19. Rad1 Qb7 20. Rf2 Rg4 21. Kh1 Nb8 22. d5 a6 23. Nc4 b5 24. Na5 Qc7 25. Nb3 Nd7 26. Bf4 Rgg7 27. dxe6 fxe6 28. fxe6 Nf8 29. Rfd2 Nxe6 30. Bxd6 Bxd6 31. Rxd6 Ng5 32. Qxf6 Rf7 33. Qxg5 Qxd6 34. Re1 c4 35. Nd4 Rhg7 36. Qe3 Qg6 37. Qe2 Rg8 38. Nf5 Re8 39. Qd2 Rd7 40. Qf4 Kb7 41. h3 Rf7 42. Nd6+ Kc6 43. Qxf7 Qxf7 44. Nxf7 Re7 45. Ng5 Rg7 46. h4 Kd6 47. Kg1 Ke5 48. Kf2 Rd7 49. Ke3 Rd3+ 50. Ke2 Rg3 51. Kf2 Rd3 52. Re2 Rd1 53. Nf3+ Ke6 54. Nd4+ Ke5 55. Nc6+ Kd6 56. Nb4 a5 57. Nc2 Ke5 58. Nd4 b4 59. cxb4 axb4 60. Nc6+ Ke6 61. Nxb4 Rh1 62. g3 Ra1 63. a3 Rc1 64. Rc2 Rh1 65. Kg2 Rd1 66. Nd5 Rb1 67. Nf4+ Ke5 68. Nxh5 Kxe4 69. Nf4 1-0

[Event "African Online-ch Women 2021"]
[Site "Online"]
[Date "2021.02.01"]
[Round "3.10"]
[White "Madelta Glenda"]
[Black "Maingi, Sasha"]
[Result "1/2-1/2"]
[ECO "D00"]
[WhiteElo "1420"]
[BlackElo "1599"]
[Annotator "NA RC"]
[PlyCount "77"]
[EventDate "2021.02.01"]
[EventType "swiss"]
[EventCountry "NET"]
[SourceTitle "playchess.com"]
[Source "ChessBase"]
[SourceQuality "1"]
[TimeControl "1500+10"]

1. d4 Nf6 2. Nc3 d5 3. Bf4 a6 4. e3 e6 5. Bd3 Bd6 6. Bg3 c5 7. dxc5 Bxc5 8. Nf3 Nc6 9. e4 Nb4 10. O-O Nxd3 11. Qxd3 dxe4 12. Qxd8+ Kxd8 13. Ng5 Ke8 14. Rfd1 b5 15. Ngxe4 Nxe4 16. Nxe4 Be7 17. Rd2 Bb7 18. Nd6+ Bxd6 19. Rxd6 Bd5 20. f4 Ke7 21. f5 Rhd8 22. Rxd8 Rxd8 23. fxe6 Bxe6 24. Bf4 Rc8 25. c3 Rd8 26. Kf2 Kf6 27. h4 Kf5 28. Be3 Rd7 29. a3 Ke4 30. Bd4 g6 31. Rd1 Kd5 32. Ke3 Kc4 33. Kf4 Rd5 34. g4 Kb3 35. Rd2 Kc4 36. Kg3 Kb3 37. Kf4 Kc4 38. Kg3 Kb3 39. Kf4 1/2-1/2

[Event "African Online-ch Women 2021"]
[Site "Online"]
[Date "2021.02.01"]
[Round "3.11"]
[White "Leboela, Maboloko"]
[Black "Ben Said, Safa"]
[Result "0-1"]
[ECO "C62"]
[WhiteElo "1296"]
[BlackElo "1577"]
[Annotator "NA RC"]
[PlyCount "56"]
[EventDate "2021.02.01"]
[EventType "swiss"]
[EventCountry "NET"]
[SourceTitle "playchess.com"]
[Source "ChessBase"]
[SourceQuality "1"]
[TimeControl "1500+10"]

1. e4 e5 2. Nf3 Nc6 3. Bb5 d6 4. O-O Bg4 5. h3 Bh5 6. Nc3 Nf6 7. Be2 Be7 8. d4 Bxf3 9. gxf3 Nxd4 10. Kh2 Nxe2 11. Nxe2 Qd7 12. Rg1 Nh5 13. Ng3 Nxg3 14. Rxg3 g6 15. Qd5 c6 16. Qb3 Bh4 17. Rg2 O-O-O 18. Be3 Kb8 19. a4 d5 20. exd5 cxd5 21. a5 d4 22. Bd2 f5 23. a6 b6 24. c4 Be7 25. Rgg1 Rc8 26. Rgc1 Bc5 27. Qd3 Qd6 28. Ra4 e4+ 0-1

[Event "African Online-ch Women 2021"]
[Site "Online"]
[Date "2021.02.01"]
[Round "3.12"]
[White "Castro, Neusa Aridas De"]
[Black "Farnela, Nuzela Zacarias Musi"]
[Result "0-1"]
[ECO "C50"]
[WhiteElo "1512"]
[BlackElo "1431"]
[Annotator "NA RC"]
[PlyCount "188"]
[EventDate "2021.02.01"]
[EventType "swiss"]
[EventCountry "NET"]
[SourceTitle "playchess.com"]
[Source "ChessBase"]
[SourceQuality "1"]
[TimeControl "1500+10"]

1. e4 e5 2. Nf3 Nc6 3. Bc4 Bc5 4. O-O h6 5. c3 a6 6. d3 Nf6 7. h3 d6 8. Nbd2 O-O 9. Nh2 Nh7 10. Ndf3 Ne7 11. Re1 Ng6 12. Bd2 Be6 13. Bxe6 fxe6 14. Qb3 Qd7 15. Be3 Bxe3 16. Rxe3 Rab8 17. Nd2 Nf4 18. Qd1 Qf7 19. Rf3 Qg6 20. Rg3 Ng5 21. h4 Nh5 22. Re3 Nh7 23. Qg4 Qxg4 24. Nxg4 Rf4 25. f3 Rbf8 26. Kh2 N5f6 27. Nxf6+ R4xf6 28. Nb3 b6 29. Rf1 R6f7 30. Nc1 Nf6 31. Kh3 Nd7 32. Ne2 Nb8 33. a4 Nc6 34. Rb1 a5 35. Ng3 Ne7 36. Nf1 Ng6 37. Nd2 Nf4+ 38. Kh2 Ng6 39. g3 Ne7 40. Kg2 Rc8 41. Nb3 c5 42. Nd2 Nc6 43. Nc4 Rd8 44. Nxb6 Rb7 45. Nc4 Kf7 46. Na3 Ke7 47. Nb5 Rdb8 48. Re2 Na7 49. Nxa7 Rxa7 50. h5 Rab7 51. g4 Rb3 52. Rc2 Kf6 53. Kg3 Kg5 54. Kf2 Kf4 55. Ke2 R8b7 56. c4 R7b6 57. Rd2 R6b4 58. Rc2 Rxa4 59. Rc3 Rab4 60. Rc2 a4 61. Rd2 a3 62. g5 Rxb2 63. Rg1 Rxd2+ 64. Kxd2 Rb2+ 65. Kc3 Kxf3 66. gxh6 gxh6 67. Ra1 Ke3 68. Re1+ Re2 69. Ra1 a2 70. Rh1 Kf3 71. Ra1 Kg4 72. Rh1 Kg3 73. Ra1 Rh2 74. Rg1+ Kh4 75. Ra1 Kxh5 76. Kb3 Kg4 77. Kc3 h5 78. Kb3 h4 79. Ka4 h3 80. Kb5 Kf3 81. Kc6 Rd2 82. Kxd6 h2 83. Kxc5 Rb2 84. Kd6 Rb1 85. Rxa2 h1=Q 86. Kxe6 Qh6+ 87. Kd5 Rd1 88. Ra3 Qf8 89. Rc3 Ke3 90. c5 Rxd3+ 91. Rxd3+ Kxd3 92. c6 Qd8+ 93. Kc5 Qc7 94. Kb5 Kxe4 0-1

[Event "African Online-ch Women 2021"]
[Site "Online"]
[Date "2021.02.01"]
[Round "3.13"]
[White "Sitoe, Cheila Andre"]
[Black "Shaba, Linda Dalitso"]
[Result "0-1"]
[ECO "C01"]
[WhiteElo "1588"]
[BlackElo "1603"]
[Annotator "NA RC"]
[PlyCount "70"]
[EventDate "2021.02.01"]
[EventType "swiss"]
[EventCountry "NET"]
[SourceTitle "playchess.com"]
[Source "ChessBase"]
[SourceQuality "1"]
[TimeControl "1500+10"]

1. e4 e6 2. d4 d5 3. exd5 exd5 4. Nf3 Nf6 5. Bg5 Bd6 6. Bd3 O-O 7. O-O Bg4 8. Nbd2 Nbd7 9. c3 c6 10. Qc2 Qc7 11. h3 Bh5 12. Rae1 Rfe8 13. Bf5 Bg6 14. Bxg6 hxg6 15. Be3 Re7 16. Re2 Rae8 17. Rfe1 Nh5 18. Nf1 Nf8 19. N1h2 Nh7 20. Ng4 Nf4 21. Bxf4 Bxf4 22. Rxe7 Rxe7 23. Rxe7 Qxe7 24. Qd1 Nf6 25. Nge5 Bxe5 26. Nxe5 Ne4 27. Kf1 Qf6 28. Qe1 Qf4 29. Kg1 Qf5 30. f3 Nd6 31. Qc1 f6 32. Ng4 Kf7 33. Kf2 Nc4 34. b3 Nd6 35. Qd2 Ne4+ 0-1

[Event "African Online-ch Women 2021"]
[Site "Online"]
[Date "2021.02.01"]
[Round "3.14"]
[White "Jambo, Linda"]
[Black "Vilhete, Vania Fausto Da T."]
[Result "0-1"]
[ECO "B52"]
[WhiteElo "1478"]
[BlackElo "1799"]
[Annotator "NA RC"]
[PlyCount "108"]
[EventDate "2021.02.01"]
[EventType "swiss"]
[EventCountry "NET"]
[SourceTitle "playchess.com"]
[Source "ChessBase"]
[SourceQuality "1"]
[TimeControl "1500+10"]

1. e4 c5 2. Nf3 d6 3. Nc3 Nf6 4. Bb5+ Bd7 5. Bxd7+ Nbxd7 6. O-O e6 7. d3 Be7 8. h3 O-O 9. Re1 Re8 10. Bg5 a6 11. Bxf6 Nxf6 12. e5 dxe5 13. Nxe5 Qc7 14. Ng4 Rad8 15. Ne4 Nxe4 16. Rxe4 f5 17. Rxe6 fxg4 18. Qxg4 Bf8 19. Rae1 Rxe6 20. Rxe6 Qd7 21. Qc4 Qd5 22. Qxd5 Rxd5 23. Re8 Kf7 24. Rb8 Rd7 25. b3 Bd6 26. Rc8 Re7 27. Kf1 Re8 28. Rxe8 Kxe8 29. Ke2 Kf7 30. Kf3 Kf6 31. Ke4 Ke6 32. g4 g5 33. a4 Be5 34. c4 b6 35. Kf3 Bd4 36. Ke2 Ke5 37. Kf3 h6 38. Kg3 Bc3 39. Kf3 Bd2 40. Ke2 Bf4 41. Kf3 Kd4 42. Ke2 Kc3 43. Kf3 Kxb3 44. Ke4 Kxa4 45. Kf5 Kb4 46. Kg6 a5 47. Kxh6 a4 48. Kh5 a3 49. h4 gxh4 50. Kxh4 a2 51. f3 a1=Q 52. g5 Qg7 53. Kg4 Qxg5+ 54. Kh3 Qg3# 0-1

[Event "African Online-ch Women 2021"]
[Site "Online"]
[Date "2021.02.01"]
[Round "3.15"]
[White "Namangale, Susan"]
[Black "Du Plessis, Anika"]
[Result "0-1"]
[ECO "C20"]
[WhiteElo "1344"]
[BlackElo "1541"]
[Annotator "NA RC"]
[PlyCount "70"]
[EventDate "2021.02.01"]
[EventType "swiss"]
[EventCountry "NET"]
[SourceTitle "playchess.com"]
[Source "ChessBase"]
[SourceQuality "1"]
[TimeControl "1500+10"]

1. c4 e5 2. e4 Nf6 3. d3 c6 4. Nf3 Qc7 5. g3 d6 6. Nc3 Be6 7. b4 d5 8. c5 Nbd7 9. a4 Rd8 10. Qe2 Be7 11. Bg2 O-O 12. O-O a5 13. b5 Bxc5 14. Be3 d4 15. Nxd4 exd4 16. Bf4 Bd6 17. Bxd6 Qxd6 18. e5 Nxe5 19. Ne4 Nxe4 20. Bxe4 Bg4 21. Qb2 Nf3+ 22. Kg2 Qh6 23. h4 Ne5 24. bxc6 bxc6 25. f4 f5 26. Bxf5 Rxf5 27. fxe5 Rxe5 28. Qb3+ Be6 29. Qc2 Bd5+ 30. Kh2 g5 31. Qf2 Rde8 32. Qxd4 gxh4 33. Qg4+ Kh8 34. gxh4 Re2+ 35. Kg3 Rg2+ 0-1

[Event "African Online-ch Women 2021"]
[Site "Online"]
[Date "2021.02.01"]
[Round "4.4"]
[White "Rodriguez Guevara, Celia M."]
[Black "Wanjiru, Lucy"]
[Result "1-0"]
[ECO "C54"]
[WhiteElo "1849"]
[BlackElo "1623"]
[Annotator "NA RC"]
[PlyCount "95"]
[EventDate "2021.02.01"]
[EventType "swiss"]
[EventCountry "NET"]
[SourceTitle "playchess.com"]
[Source "ChessBase"]
[SourceQuality "1"]
[TimeControl "1500+10"]

1. e4 e5 2. Nf3 Nc6 3. Bc4 Nf6 4. d3 Bc5 5. O-O d6 6. c3 a6 7. Bb3 h6 8. Nbd2 Bg4 9. Re1 Qd7 10. h3 Bh5 11. Nf1 Bg6 12. Ng3 O-O 13. Nh4 Kh7 14. Nhf5 Ne7 15. Qf3 Nxf5 16. exf5 Ng8 17. Qe4 Ne7 18. fxg6+ fxg6 19. Be3 d5 20. Qg4 Qd6 21. Bxc5 Qxc5 22. d4 exd4 23. Qxd4 Qd6 24. Rad1 Rad8 25. Qe5 Rf7 26. Qxd6 Rxd6 27. c4 c6 28. cxd5 cxd5 29. Re5 Rdf6 30. f3 Rb6 31. Rde1 Nc6 32. Rxd5 Rc7 33. Rd6 Rb4 34. Bc2 Ne5 35. Bb3 Nc4 36. Rd8 Rxb3 37. axb3 Nxb2 38. Ree8 g5 39. Rc8 Rd7 40. Rcd8 Rc7 41. Rh8+ Kg6 42. Rd6+ Kf7 43. Rhd8 Rc1+ 44. Kh2 a5 45. R8d7+ Kg8 46. Rxb7 a4 47. Nf5 Rc8 48. Ne7+ 1-0

[Event "African Online-ch Women 2021"]
[Site "Online"]
[Date "2021.02.01"]
[Round "4.6"]
[White "Ben Said, Safa"]
[Black "Francis, Onkemetse"]
[Result "0-1"]
[ECO "B01"]
[WhiteElo "1577"]
[BlackElo "1798"]
[Annotator "NA RC"]
[PlyCount "170"]
[EventDate "2021.02.01"]
[EventType "swiss"]
[EventCountry "NET"]
[SourceTitle "playchess.com"]
[Source "ChessBase"]
[SourceQuality "1"]
[TimeControl "1500+10"]

1. e4 d5 2. exd5 Qxd5 3. Nc3 Qa5 4. Bc4 Nf6 5. Nf3 Bg4 6. d3 c6 7. Bf4 e6 8. O-O Qh5 9. Ne4 Nxe4 10. dxe4 Bxf3 11. Qxf3 Qxf3 12. gxf3 Nd7 13. Rfd1 Be7 14. Rd2 O-O-O 15. Rad1 Nb6 16. Bb3 Rxd2 17. Rxd2 Rd8 18. Rxd8+ Kxd8 19. Be3 c5 20. Kf1 Kc7 21. Ke2 Kc6 22. Kd3 Nd7 23. f4 b5 24. c4 a6 25. Bc2 g6 26. a3 Bf6 27. e5 Be7 28. b3 Bh4 29. Kc3 Be7 30. Be4+ Kc7 31. cxb5 axb5 32. Bd3 Kc6 33. Be4+ Kc7 34. Bd3 Kb6 35. b4 Nb8 36. Be4 Nd7 37. Kb3 Ka6 38. Bc6 c4+ 39. Kc3 Nb6 40. Bxb6 Kxb6 41. Be8 f6 42. Bf7 fxe5 43. fxe5 Bg5 44. Bxe6 Bf4 45. h3 Bxe5+ 46. Kc2 g5 47. Bg8 h6 48. f3 Bd4 49. Bf7 Bf2 50. Be8 Be1 51. Kd1 Bc3 52. Kc2 Be5 53. a4 bxa4 54. Bxa4 c3 55. Be8 Kc7 56. Bg6 Kd6 57. Kd3 Ke6 58. Kc4 Kf6 59. Be4 Ke6 60. b5 Kd6 61. b6 h5 62. b7 Kc7 63. Kd5 Bf4 64. Ke6 h4 65. Kf5 Kb6 66. Ke6 Kb5 67. Kd7 Kb4 68. Kc8 Kb3 69. b8=Q+ Bxb8 70. Kxb8 c2 71. Bxc2+ Kxc2 72. Kc7 Kd3 73. Kd6 Ke3 74. Ke5 Kxf3 75. Kf5 g4 76. hxg4 h3 77. g5 h2 78. g6 h1=Q 79. g7 Qh7+ 80. Kf6 Qg8 81. Kg6 Ke4 82. Kf6 Kd5 83. Kg6 Ke6 84. Kh6 Kf6 85. Kh5 Qxg7 0-1